Map: Catalyst LE

Players

Serral - Winner!

  • Race: Zerg Zerg
  • Spawn Location: 5:00

Rogue

  • Race: Zerg Zerg
  • League: Silver
  • Spawn Location: 11:00

Event: IEM Season 12 - Katowice

VOD

Have the link to the VOD?

Description

Time

  • Played on: March 2, 2018, 5:25 a.m.
  • Length: 9:14

All games in this series

Show
View Real Time Build Order
Export as new Build Order

Serral Zerg - Winner!

Build Orders: Hatch First 

Get SALT Encoding   

  12  0:00  Drone  
  13  0:12  Overlord  
  13  0:16  Drone  
  14  0:30  Drone x2  
  14  0:34  Drone  
  17  0:52  Hatchery  
  17  0:54  Drone  
  17  0:57  Drone  
  17  1:01  Extractor  
  17  1:13  Spawning Pool  
  17  1:16  Drone  
  17  1:20  Drone  
  18  1:28  Drone  
  19  1:40  Overlord  
  19  1:51  Drone  
  20  2:00  Queen  
  22  2:01  Metabolic Boost  
  22  2:03  Queen  
  22  2:07  Drone x2  
  26  2:11  Drone  
  26  2:14  Drone  
  28  2:22  Drone  
  29  2:27  Drone  
  30  2:32  Zergling x2  
  31  2:37  Hatchery  
  31  2:44  Queen  
  30  2:50  Overlord  
  32  2:52  Drone  
  32  2:57  Baneling Nest  
  32  2:58  Drone  
  33  3:00  Drone  
  33  3:04  Drone, Zergling x2  
  36  3:09  Drone x2  
  36  3:12  Drone  
  39  3:13  Drone  
  39  3:16  Drone  
  39  3:18  Drone  
  42  3:22  Drone  
  42  3:27  Overlord  
  42  3:28  Zergling x2  
  42  3:32  Evolution Chamber  
  42  3:33  Zergling x2  
  43  3:41  Overlord  
  43  3:45  Zergling x2  
  43  3:46  Zergling x4  
  43  3:47  Drone  
  47  3:50  Drone  
  47  3:53  Drone x3  
  47  3:54  Drone, Baneling  
  52  3:57  Drone  
  52  3:59  Zerg Missile Weapons Level 1  
  53  4:03  Overlord  
  53  4:06  Drone x2  
  55  4:11  Drone  
  55  4:15  Baneling x2  
  56  4:17  Roach Warren, Zergling x2  
  56  4:18  Zergling x4  
  56  4:19  Extractor  
  56  4:20  Drone  
  56  4:22  Baneling  
  56  4:23  Drone  
  59  4:25  Drone x2  
  59  4:27  Baneling  
  59  4:28  Zergling x4  
  62  4:32  Overlord  
  62  4:34  Drone x2  
  62  4:37  Extractor  
  62  4:38  Overlord  
  62  4:40  Zergling x4  
  62  4:41  Zergling x2  
  65  4:47  Overlord  
  65  4:48  Drone  
  65  4:52  Lair  
  66  4:56  Overlord  
  66  4:57  Drone x2  
  68  5:00  Overlord  
  68  5:06  Extractor  
  66  5:07  Roach x3  
  66  5:09  Roach  
  66  5:11  Roach  
  76  5:15  Roach  
  76  5:18  Overlord  
  76  5:21  Roach x2  
  82  5:25  Roach  
  84  5:33  Roach x3  
  84  5:35  Roach  
  90  5:37  Overlord  
  90  5:38  Overlord  
  90  5:40  Roach x2  
  94  5:44  Roach x2  
  94  5:47  Roach  
  94  5:49  Roach  
  102  5:52  Roach x2  
  102  5:56  Overlord  
  106  6:01  Roach x3  
  112  6:06  Roach x2  
  112  6:10  Roach x2  
  120  6:21  Overlord x2  
  120  6:25  Drone x3  
  123  6:30  Extractor  
  123  6:31  Zerg Missile Weapons Level 2  
  122  6:34  Drone  
  122  6:35  Overlord  
  122  6:38  Overlord  
  122  6:39  Drone x4, Glial Reconstitution  
  125  6:40  Drone  
  125  6:42  Overseer  
  125  6:45  Drone x2  
  125  6:46  Overseer  
  126  6:49  Drone x2  
  128  6:56  Overlord  
  128  7:01  Overlord  
  128  7:02  Roach x4  
  128  7:07  Roach x2  
  140  7:17  Roach x3, Queen  
  145  7:23  Overlord  
  145  7:25  Drone x2  
  145  7:26  Drone x2  
  145  7:29  Overlord, Extractor  
  148  7:31  Drone x2  
  148  7:32  Drone, Unknown  
  148  7:33  Roach  
  148  7:35  Roach x2, Overseer  
  157  7:43  Overlord  
  157  7:44  Pneumatized Carapace  
  157  7:51  Roach x6  
  166  7:59  Ravager x2  
  166  8:00  Ravager x2  
  166  8:02  Roach  
  166  8:03  Roach x4  
  180  8:10  Hatchery  
  180  8:13  Ravager  
  180  8:14  Overlord  
  180  8:17  Roach x2  
  184  8:22  Roach x3  
  189  8:29  Overlord  
  189  8:30  Overseer  
  189  8:34  Overseer  
  189  8:36  Roach x5  
  189  8:40  Hydralisk Den  
  198  8:48  Spine Crawler x2  
  198  8:49  Roach  
  198  8:50  Drone  
Show
View Real Time Build Order
Export as new Build Order

Rogue Zerg 

Build Orders: Hatch First 

Get SALT Encoding   

  12  0:00  Drone  
  13  0:12  Overlord  
  13  0:17  Drone  
  14  0:31  Drone x2  
  14  0:34  Drone  
  17  0:51  Hatchery  
  17  0:55  Drone  
  17  0:58  Drone  
  18  1:09  Extractor  
  17  1:12  Spawning Pool  
  17  1:15  Drone  
  17  1:19  Drone  
  18  1:29  Drone  
  19  1:38  Overlord  
  19  1:49  Drone  
  20  1:59  Drone  
  21  2:03  Queen x2  
  21  2:04  Drone  
  26  2:13  Drone  
  26  2:14  Drone  
  28  2:23  Drone  
  28  2:25  Drone  
  30  2:32  Overlord  
  30  2:38  Drone  
  30  2:40  Queen x2  
  30  2:43  Drone  
  36  2:46  Metabolic Boost  
  36  2:52  Drone  
  36  2:55  Overlord  
  37  3:01  Drone  
  37  3:05  Evolution Chamber  
  37  3:07  Drone  
  37  3:08  Roach Warren  
  37  3:11  Drone x2  
  39  3:14  Drone  
  39  3:15  Drone  
  41  3:20  Drone  
  41  3:21  Drone x2  
  44  3:28  Lair  
  44  3:35  Zergling x8  
  44  3:39  Overlord  
  48  3:50  Zerg Missile Weapons Level 1, Zergling x2  
  48  3:51  Zergling x6  
  48  3:54  Overlord  
  52  4:01  Zergling x2  
  52  4:02  Zergling x4  
  55  4:04  Zergling x2  
  55  4:08  Extractor  
  55  4:20  Drone, Extractor, Hatchery  
  55  4:21  Drone x4  
  58  4:24  Drone x3  
  58  4:26  Overlord  
  54  4:34  Drone  
  54  4:36  Overseer  
  55  4:42  Roach x2  
  55  4:43  Glial Reconstitution  
  59  4:47  Roach  
  61  4:53  Roach x2  
  61  4:56  Roach  
  61  4:59  Roach, Overlord x2  
  69  5:04  Roach  
  69  5:05  Roach  
  73  5:08  Roach  
  73  5:12  Hatchery  
  73  5:14  Overlord  
  75  5:24  Roach  
  75  5:25  Roach  
  75  5:28  Roach  
  81  5:31  Roach x2  
  81  5:32  Roach x3  
  81  5:35  Roach  
  93  5:38  Overlord  
  93  5:47  Roach x2  
  97  5:52  Hatchery  
  97  5:56  Roach  
  98  6:02  Zerg Missile Weapons Level 2  
  98  6:04  Drone  
  98  6:05  Drone x2  
  98  6:11  Drone x4  
  104  6:13  Drone  
  106  6:22  Drone  
  106  6:23  Drone  
  108  6:33  Overlord  
  106  6:41  Overlord  
  106  6:42  Overlord x2  
  106  6:45  Overlord  
  106  6:50  Roach  
  110  6:54  Roach x4  
  110  7:01  Ravager x3  
  119  7:04  Roach x2  
  119  7:06  Unknown  
  119  7:07  Roach  
  125  7:11  Roach  
  127  7:17  Roach x6  
  127  7:19  Drone x2  
  127  7:21  Extractor x2  
  134  7:28  Ravager  
  135  7:31  Drone x3  
  135  7:35  Drone  
  139  7:38  Hatchery  
  139  7:43  Drone x4  
  142  7:50  Drone  
  142  7:51  Overlord  
  143  7:52  Drone  
  143  7:53  Overseer  
  143  7:56  Drone  
  145  7:59  Burrow  
  145  8:02  Overlord  
  145  8:08  Drone x6, Unknown, Extractor  
  145  8:10  Drone  
  151  8:15  Roach x5  
  161  8:21  Overlord  
  161  8:27  Overlord  
  161  8:28  Ravager x4  
  165  8:36  Hatchery  
  165  8:39  Roach x5  
  174  8:53  Roach x5  

Tags
 
Add a new tag
Caveats
  • Supply blocks, unpowered buildings, or Contaminate may cause inaccurate times.
  • Supply counts are checked every 10 seconds.